Construct Section Command Post
Construct Section Command Post
Construct Field Infirmary
Selects Air and Sea Battlegroup
Construct Platoon Command Post
Unlock M3 Stuart Light Tanks
Selects Commando Section Paradrop
Selects M1 Pack Howitzer Paradrop
Construct Company Command Post
Construct Company Command Post
6-pounder Anti-tank Gun Team
Unlock M3 Grant Medium Tanks
Selects Anti-tank Rocket Loiter
Unlock Bishop Self-propelled Artillery
Bishop Self-propelled Artillery